 Dungeon Crawl Stone Soup version 0.21.1-1-g345015f (webtiles) character file.

85 Kurtz the Ruffian (level 4, -2/35 HPs)
             Began as a Mummy Monk on Mar 31, 2018.
             Slain by Sigmund
             ... wielding a +2 antimagic scythe
              (7 damage)
             ... on level 2 of the Dungeon.
             The game lasted 00:03:46 (6216 turns).

Kurtz the Ruffian (Mummy Monk)                      Turns: 6216, Time: 00:03:47

Health: -2/35      AC:  0    Str: 15    XL:     4   Next: 25%
Magic:  4/4        EV: 13    Int:  9    God:
Gold:   125        SH:  0    Dex: 14    Spells: 3/3 levels left

rFire    x . .     SeeInvis .     - Unarmed
rCold    + . .     Gourm    .   (no shield)
rNeg     + + +     Faith    .   (no armour)
rPois    ∞         Spirit   .   (no helmet)
rElec    .         Reflect  .   (no cloak)
rCorr    .         Harm     .   (no gloves)
MR       .....                  (no boots)
Stlth    ++........             (no amulet)
HPRegen  0.11/turn              (no ring)
MPRegen  0.09/turn              (no ring)

@: no status effects
A: no food or potions, fire vulnerability, cold resistance 1, negative energy
resistance 3, torment resistance, unbreathing
a: no special abilities


You were on level 2 of the Dungeon.
You were not hungry.

You visited 1 branch of the dungeon, and saw 3 of its levels.

You collected 125 gold pieces.

Inventory:

Scrolls
 a - 3 scrolls of identify {unknown}
 b - 2 scrolls of remove curse {unknown}
 c - a scroll of noise {unknown}


   Skills:
 - Level 3.0 Fighting
 - Level 2.4 Dodging
 - Level 1.5 Stealth
 * Level 4.2 Unarmed Combat


You had 3 spell levels left.
You didn't know any spells.

Dungeon Overview and Level Annotations

Branches:
Dungeon (3/15)

Altars:

Annotations:
D:1 exclusion: downstairs
D:2 Robin; Sigmund
D:3 bande's ghost, amateur GrFi


Innate Abilities, Weirdness & Mutations

You do not eat or drink.
Your flesh is vulnerable to fire.
You are immune to poison.
Your flesh is cold resistant. (rC+)
You are immune to negative energy. (rN+++)
You are immune to unholy pain and torment.
You can survive without breathing.


Message History

You see here a stone.
Sigmund casts a spell at you. The puff of flame hits you!
The fire burns you terribly! Sigmund gestures at you while chanting.
You are confused.
The goblin shoots a stone.
The stone closely misses you.
You hit Robin.
Robin is moderately wounded.
Robin misses you.
The goblin shoots a stone.
The stone barely misses you. Robin hits you with a club.
The goblin shoots a stone.
The stone misses you.
You feel less confused. Sigmund casts a spell at you.
The puff of flame hits you! The fire burns you terribly!
* * * LOW HITPOINT WARNING * * *
Found 18 sling bullets.
There is an open door here.
Sigmund hits you with an antimagic scythe!
You die...

....
##...#...@.........#
#(g.#.............#
#.#.#.............#
#.#g..............#
#.#...............
#######.#..>...........
#.........#.....#.....
#.....g##@#............
........'@.......#......
.#......##.......#......
#......##.......#......
#......##.......#......
#......##.......#......
........##..............
........##..............
(...... #..............
#..............


You could see Sigmund, Robin and a goblin.

Vanquished Creatures
  2 adders (D:2)
  An ooze (D:2)
  2 worms (D:2)
  4 dart slugs (D:1)
  4 bats
  A giant cockroach (D:2)
  13 goblins
  8 hobgoblins
  2 ball pythons
  3 frilled lizards
  5 kobolds
  2 rats
47 creatures vanquished.

Notes
Turn   | Place    | Note
-------+----------+-------------------------------------------
     0 | D:1      | Kurtz the Mummy Monk began the quest for the Orb.
     0 | D:1      | Reached XP level 1. HP: 18/18 MP: 1/1
   227 | D:1      | Reached XP level 2. HP: 10/24 MP: 2/2
   505 | D:1      | Reached skill level 3 in Unarmed Combat
  1319 | D:1      | Reached XP level 3. HP: 18/29 MP: 3/3
  2691 | D:2      | Noticed Sigmund
  2879 | D:2      | Noticed Robin
  2925 | D:2      | HP: 1/29 [kobold/club (2)]
  5481 | D:2      | Reached skill level 4 in Unarmed Combat
  5557 | D:2      | Reached XP level 4. HP: 24/35 MP: 4/4
  5610 | D:3      | Noticed bande's ghost (amateur GrFi)
  6216 | D:2      | Slain by Sigmund

Skill      XL: |  1  2  3 |
---------------+----------+-----
Unarmed Combat | 3 4 |  4.2
Fighting       | |  3.0
Dodging        | |  2.4
Stealth        | |  1.5

Action                   |  1- 3 |  4- 6 || total
-------------------------+-------+-------++-------
Melee: Unarmed           |   160 |    22 ||   182
       Punch             |     1 |       ||     1
  Use: Scroll            |     1 |       ||     1
 Stab: Sleeping          |     3 |       ||     3
       Fleeing           |     1 |       ||     1
Dodge: Dodged            |    95 |    25 ||   120
